 Dungeon Crawl Stone Soup version 0.30-a0-354-g6b83867211 (webtiles) character file.

Game seed: 3348980928255799573

7821 freelancePsychic the Skirmisher (level 11, -4/93 HPs)
             Began as a Barachi Gladiator on Nov 8, 2022.
             Was an Initiate of Gozag.
             Slain by a sixfirhy (10 damage)
             ... on level 9 of the Dungeon.
             The game lasted 00:17:10 (8424 turns).

freelancePsychic the Skirmisher (Barachi Gladiator) Turns: 8424, Time: 00:17:10

Health: -4/93      AC: 14    Str: 15    XL:     11   Next: 21%
Magic:  11/11      EV: 15    Int:  8    God:    Gozag
Gold:   847        SH:  0    Dex: 21    Spells: 10/10 levels left

rFire   + + .      SeeInvis .    a - +0 arbalest (chaos)
rCold   + . .      Faith    .    (shield currently unavailable)
rNeg    . . .      Spirit   .    s - +0 ring mail of the Weak God {rF+}
rPois   .          Reflect  .    c - +2 helmet
rElec   .          Harm     .    (no cloak)
rCorr   .          Rampage  .    (no gloves)
Will    .....                    q - +0 pair of boots
Stlth   +.........               (no amulet)
HPRegen 0.35/turn                u - +4 ring of protection
MPRegen 0.12/turn                J - ring "Roxkiv" {rF+ rC+ Dex+2}

@: spiked, gold aura, slow
A: amphibious, slowness 1, strong legs 1, +LOS
a: Hop, Renounce Religion, Potion Petition, Call Merchant, Bribe Branch


You were on level 9 of the Dungeon.
You worshipped Gozag.
Gozag was pleased with you.
You visited 1 branch of the dungeon, and saw 9 of its levels.
You also visited: Ossuary.

You collected 2126 gold pieces.
You spent 749 gold pieces at shops.
You paid 530 gold pieces to Gozag.

Inventory:

Hand Weapons
 a - a +0 arbalest of chaos (weapon)
 b - a +1 shortbow of freezing
 y - a +0 long sword
Missiles
 d - 3 throwing nets
 e - a javelin
 t - 16 poisoned darts
Armour
 c - a +2 helmet (worn)
 m - a +0 ring mail
 q - a +0 pair of boots (worn)
 s - the +0 ring mail of the Weak God (worn) {rF+}
   (You took it off a hobgoblin on level 2 of the Dungeon)

   rF:        It protects you from fire.
Jewellery
 u - a +4 ring of protection (left hand)
 F - a ring of positive energy
 J - the ring "Roxkiv" (right hand) {rF+ rC+ Dex+2}
   (You bought it in a shop on level 7 of the Dungeon)

   [ring of protection from cold]

   Dex:       It affects your dexterity (+2).
   rF:        It protects you from fire.
   rC:        It protects you from cold.
 L - a ring of wizardry
 O - a +6 ring of intelligence
Wands
 E - a wand of iceblast (13)
 G - a wand of charming (10)
Scrolls
 j - 8 scrolls of teleportation {@r4}
 l - a scroll of enchant armour
 v - 4 scrolls of amnesia
 w - 2 scrolls of noise
 A - a scroll of summoning
 C - a scroll of enchant weapon
 D - a scroll of vulnerability
 H - a scroll of immolation
 N - a scroll of magic mapping
 P - a scroll of fear
 Q - a scroll of fog
Potions
 f - 4 potions of might
 g - 2 potions of resistance {unknown}
 h - 9 potions of curing {@q1}
 i - 3 potions of haste {unknown}
 k - a potion of cancellation {unknown}
 n - 2 potions of brilliance {unknown}
 o - 2 potions of magic
 p - 2 potions of invisibility
 r - 2 potions of ambrosia {unknown}
 z - 2 potions of lignification {unknown}
 B - 5 potions of heal wounds {unknown}
 I - 2 potions of attraction {unknown}
 K - a potion of mutation


   Skills:
 + Level 11.0 Fighting
 - Level 5.7 Long Blades
 * Level 11.6 Ranged Weapons
 - Level 2.0 Throwing
 - Level 5.1 Armour
 + Level 7.7 Dodging


You had 10 spell levels left.
You didn't know any spells.
Your spell library contained the following spells:

 Spells                   Type           Power      Damage    Failure   Level
 Freeze                   Ice            0%         1d3       63%         1
 Cigotuvi's Dreadful Rot  Necr/Pois/Air  0%         N/A       77%         2
 Poisonous Vapours        Pois/Air       0%         N/A       77%         2
 Sublimation of Blood     Necr           0%         N/A       77%         2
 Frozen Ramparts          Ice            0%         1d1       94%         3
 Hailstorm                Conj/Ice       0%         3d3       94%         3
 Mephitic Cloud           Conj/Pois/Air  0%         N/A       94%         3
 Petrify                  Tmut/Erth      0%         N/A       100%        4
 Irradiate                Conj/Tmut      0%         3d11      100%        5
 Summon Forest            Summ/Tloc      0%         N/A       100%        5
 Summon Mana Viper        Hex/Summ       0%         N/A       100%        5
 Summon Cactus Giant      Summ           0%         N/A       100%        6


Dungeon Overview and Level Annotations

Branches:
Dungeon (9/15)             Temple (0/1) D:7            Lair (0/5) D:9
Ossuary (visited)
    Orc: D:9-12

Altars:
Elyvilon
Fedhas
Gozag
Kikubaaqudgha
Nemelex Xobeh
Okawaru
Sif Muna
Vehumet
Zin

Shops:
D:3 *   D:5 *   D:7 =   D:9 !=*


Innate Abilities, Weirdness & Mutations

You are amphibious.
You cover ground slowly.
You can hop short distances.
You have an extended range of vision and can be seen from far away.


Message History

You shoot a bolt. The bolt barely misses the sixfirhy.
The bolt hits the red devil.
The red devil is lightly wounded.
The sixfirhy hits you but does no damage.
The sixfirhy is distracted by your dazzling golden aura.
The red devil hits you but does no damage.
Fire: a) +0 arbalest (chaos)
Press: ? - help, Shift-Dir - straight line, f/p - sixfirhy
Aim: a sixfirhy (unaware, hasn't noticed you, 39% to hit)
You shoot a bolt. The bolt hits the sixfirhy!!
The sixfirhy is no longer distracted by gold.
The sixfirhy is severely wounded.
The red devil hits you from afar with a +0 demon trident!
Barbed spikes become lodged in your body.
The red devil hits you but does no damage.
Fire: a) +0 arbalest (chaos)
Press: ? - help, Shift-Dir - straight line, f/p - sixfirhy
Aim: a sixfirhy (heavily wounded, 39% to hit)
You shoot a bolt. The bolt hits the sixfirhy.
The sixfirhy is poisoned.
The sixfirhy is severely wounded.
The sixfirhy closely misses you.
The sixfirhy hits you but does no damage.
The sixfirhy hits you! The sixfirhy shocks you!
The red devil hits you from afar with a +0 demon trident.
Barbed spikes become lodged in your body.
The sixfirhy completely misses you.
Fire: a) +0 arbalest (chaos)
Press: ? - help, Shift-Dir - straight line, f/p - sixfirhy
Aim: a sixfirhy (severely wounded, very poisoned, 39% to hit)
You shoot a bolt. The bolt misses the sixfirhy.
The bolt misses the red devil.
The sixfirhy hits you!
* * * LOW HITPOINT WARNING * * *
The sixfirhy shocks you!
* * * LOW HITPOINT WARNING * * *
The sixfirhy hits you but does no damage.
The sixfirhy hits you.
* * * LOW HITPOINT WARNING * * *
The sixfirhy shocks you!
You die...
Your body crumbles into a pile of gold.

#...............................
#...............................
.................................
###......................########
#.####################.# #.# #.#
#.# ################.########
.......$@34..............
..##########.............
#............. #.............
#.4........... #.............
............... ................
................


You could see a sixfirhy (very poisoned) and a red devil.

Vanquished Creatures
  Pikel (D:6)
  2 orange demons (D:9)
  3 hellwings (D:9)
  Prince Ribbit (D:9)
  6 yaks (D:5)
  6 steam dragons
  A water moccasin (D:8)
  5 orc warriors
  A sky beast (D:7)
  2 black bears
  An ice beast (D:5)
  6 centaurs
  A lemure (D:6)
  2 kobold brigands (D:8)
  4 bullfrogs
  A gnoll sergeant (D:8)
  A necrophage (D:4)
  A scorpion (D:6)
  3 wights (D:7)
  18 killer bees
  2 howler monkeys (D:7)
  A quasit (D:9)
  4 hounds
  5 jellies
  5 orc priests
  An iguana (D:5)
  14 orc wizards
  The ghost of liarliar the Sneak, a weakling KoDe (D:4)
  8 mummies (Ossuary)
  4 adders
  14 gnolls
  A white imp (D:8)
  An ufetubus (D:6)
  2 worms
  4 dart slugs
  46 orcs
  8 ball pythons
  4 bats
  11 endoplasms
  2 giant cockroaches
  7 goblins
  5 hobgoblins
  6 jackals
  2 quokkas (D:3)
  3 frilled lizards
  2 hobgoblin zombies (Ossuary)
  8 kobolds
  3 kobold zombies (Ossuary)
  3 orc zombies (Ossuary)
  3 rats
246 creatures vanquished.

Vanquished Creatures (others)
  5 demonic plants (D:9)
5 creatures vanquished.

Grand Total: 251 creatures vanquished

Notes
Turn   | Place    | Note
-------+----------+-------------------------------------------
     0 | D:1      | freelancePsychic the Barachi Gladiator began the quest for
                  | the Orb.
     0 | D:1      | Reached XP level 1. HP: 17/17 MP: 1/1
    55 | D:1      | Reached XP level 2. HP: 23/23 MP: 2/2
   266 | D:1      | Reached XP level 3. HP: 25/29 MP: 3/3
  1142 | D:2      | Identified the +0 ring mail of the Weak God {rF+}
  1173 | D:2      | Reached XP level 4. HP: 37/37 MP: 4/4
  1255 | D:2      | Reached skill level 5 in Long Blades
  1417 | D:3      | Found an opulent altar of Gozag.
  1424 | D:3      | Became a worshipper of Gozag Ym Sagoz the Greedy
  1482 | D:3      | Found a glowing silver altar of Zin.
  1482 | D:3      | Found a blossoming altar of Fedhas.
  1495 | D:3      | Found an ancient bone altar of Kikubaaqudgha.
  1503 | D:3      | Found Nosines's Assorted Antiques.
  1567 | D:3      | Bought a scroll labelled COSTRE WOZXOJU for 31 gold pieces
  1567 | D:3      | Bought a scroll labelled LASKUU VEIVASK for 31 gold pieces
  1567 | D:3      | Bought a bubbling white potion for 27 gold pieces
  1611 | D:3      | Found an iron altar of Okawaru.
  1892 | D:3      | Reached XP level 5. HP: 37/43 MP: 5/5
  1956 | D:3      | Found a sparkling altar of Nemelex Xobeh.
  2198 | D:4      | Reached skill level 1 in Armour
  2330 | D:4      | Found a runed translucent door.
  2331 | D:4      | Noticed liarliar's ghost (weakling KoDe)
  2568 | D:4      | Reached skill level 5 in Fighting
  2576 | D:4      | Reached skill level 1 in Ranged Weapons
  2576 | D:4      | Reached XP level 6. HP: 43/51 MP: 6/6
  2852 | D:4      | Found a white marble altar of Elyvilon.
  3067 | D:4      | Found a radiant altar of Vehumet.
  3098 | D:4      | Killed liarliar's ghost
  3140 | D:5      | Entered Level 5 of the Dungeon
  3183 | D:5      | Found Mubora's Merry Market.
  3193 | D:5      | Bought a potion of might for 56 gold pieces
  3257 | D:5      | Noticed an ice beast
  3274 | D:5      | Killed an ice beast
  3275 | D:5      | Reached XP level 7. HP: 56/56 MP: 7/7
  4043 | D:5      | Noticed a yak
  4043 | D:5      | Noticed a yak
  4047 | D:5      | Noticed a yak
  4052 | D:5      | Noticed a yak
  4054 | D:5      | Noticed a yak
  4055 | D:5      | Noticed a yak
  4056 | D:5      | Killed a yak
  4057 | D:5      | Reached skill level 5 in Ranged Weapons
  4057 | D:5      | Reached XP level 8. HP: 65/65 MP: 8/8
  4064 | D:5      | Killed a yak
  4064 | D:5      | Killed a yak
  4065 | D:5      | Reached skill level 5 in Armour
  4067 | D:5      | Killed a yak
  4070 | D:5      | Killed a yak
  4107 | D:5      | Killed a yak
  4108 | D:5      | Reached XP level 9. HP: 66/74 MP: 9/9
  4977 | D:7      | Noticed Pikel
  5017 | D:6      | Killed Pikel
  5102 | D:7      | Reached skill level 5 in Dodging
  5111 | D:7      | Found a sand-covered staircase.
  5149 | Ossuary  | Entered an ossuary
  5457 | D:7      | Reached XP level 10. HP: 76/83 MP: 10/10
  5798 | D:7      | Found a staircase to the Ecumenical Temple.
  5974 | D:7      | Found a shimmering blue altar of Sif Muna.
  6451 | D:7      | Reached skill level 10 in Ranged Weapons
  6491 | D:7      | Bought the ring "Roxkiv" {rF+ rC+ Dex+2} for 604 gold
                  | pieces
  6637 | D:8      | Reached skill level 10 in Fighting
  7510 | D:8      | Identified the +10 short sword "Ciepla" {venom, +Blink}
  7594 | D:9      | Found Kywatt's Jewellery Shoppe.
  7638 | D:9      | Found Ulefaj's Distillery.
  7746 | D:9      | Found a staircase to the Lair.
  7755 | D:9      | Noticed a rust devil
  7773 | D:9      | Noticed a rust devil
  8295 | D:9      | Found Umiurruo's General Store.
  8305 | D:9      | Reached XP level 11. HP: 85/92 MP: 11/11
  8359 | D:9      | Noticed Prince Ribbit
  8382 | D:9      | Killed Prince Ribbit
  8415 | D:9      | Noticed a sixfirhy
  8424 | D:9      | Slain by a sixfirhy

Illustrated notes

Levels and vault maps discovered:
D:1:      minmay_arrival_cross, layout_rooms, minmay_octomino_c4
D:2:      layout_basic
D:3:      layout_basic, mainiacjoe_overflow_24_doors,
          gammafunk_temple_overflow_statue, amcnicky_altar_gilded,
          mainiacjoe_overflow_concentric_impassable,
          nicolae_overflow_hidden_temple, serial_shops, shop, minivault_4
D:4:      layout_cave_pools, mainiacjoe_overflow_swirl,
          ebering_ghost_reflecting_pool, grunt_ministairs_5
D:5:      layout_gridville, minivault_11, nicolae_alphabet_shops
D:6:      layout_rooms
D:7:      dreamdust_elfheim, layout_basic, lemuel_crystal_altar,
          minmay_temple_entry_wispy, nicolae_ossuary_entry_ruins,
          amcnicky_mini_pool_small, uniq_pikel
D:8:      minmay_razor_zed, layout_basic
D:9:      layout_long_grid, lair_entry_dummy, serial_demonic, serial_demonic_d,
          serial_demonic_f, serial_demonic_e, serial_demonic_c, serial_shops,
          nicolae_diamond_shop, shop_fountains, nicolae_take_the_stairs,
          nicolae_shop_advertising_works [nicolae_subvault_shop_adworks],
          nicolae_shop_waterfront, grunt_ministairs_7, uniq_prince_ribbit1

Skill      XL: |  1  2  3  4  5  6  7  8  9 10 11 |
---------------+----------------------------------+-----
Long Blades    | 4 5 |  5.7
Fighting       | 3 4 5 6 7 9 10 11 | 11.0
Armour         | 1 2 4 5 |  5.1
Ranged Weapons | 1 2 5 7 9 11 | 11.6
Dodging        | 5 7 |  7.7
Throwing       | |  2.0

Action                   |  1- 3 |  4- 6 |  7- 9 | 10-12 || total
-------------------------+-------+-------+-------+-------++-------
Melee: Long sword        |   104 |   153 |    24 |       ||   281
       Punch             |       |     3 |     1 |       ||     4
       Shortbow          |       |       |     1 |       ||     1
       Arbalest          |       |       |       |     5 ||     5
 Fire: Sling             |       |    61 |    25 |       ||    86
       Shortbow          |       |       |   167 |       ||   167
       Arbalest          |       |       |    36 |   286 ||   322
Throw: Dart              |       |     2 |       |       ||     2
       Throwing net      |       |     1 |       |       ||     1
       Javelin           |       |       |     1 |       ||     1
Invok: Call Merchant     |       |       |       |     1 ||     1
 Abil: Hop               |       |     2 |     1 |     4 ||     7
Evoke: Wand              |       |       |     7 |       ||     7
  Use: Scroll            |       |     7 |    10 |     8 ||    25
       Potion            |       |       |     1 |     2 ||     3
 Stab: Distracted        |       |     1 |       |       ||     1
Armor: Leather armour    |    17 |       |       |       ||    17
       Ring mail         |    21 |    87 |    73 |   131 ||   312
Dodge: Dodged            |    78 |   125 |   104 |   196 ||   503

Table legend: (Time is in decaauts)
 A = Elapsed time spent in this place.
 B = Non-inter-level travel time spent in this place.
 C = Inter-level travel time spent in this place.
 D = Time resting spent in this place.
 E = Time spent auto-exploring this place.
 F = Levels seen in this place.
 G = Mean time per level.
                   A        B        C        D        E       F      G
               +--------+--------+--------+--------+--------+-----+--------+
         Total |   9731 |   9303 |    428 |    304 |   7015 |  10 |  973.1 |
       Dungeon |   9455 |   9027 |    428 |    300 |   6837 |   9 | 1050.6 |
       Ossuary |    275 |    275 |      0 |      4 |    178 |   1 |  275.0 |
               +--------+--------+--------+--------+--------+-----+--------+

Top non-repeatable levels by time:
     D:8: 1732 daAuts
     D:7: 1429 daAuts
     D:5: 1266 daAuts
     D:3: 1120 daAuts
     D:4: 915 daAuts
     D:6: 877 daAuts
     D:2: 849 daAuts
     D:1: 770 daAuts
     D:9: 495 daAuts
 Ossuary: 275 daAuts
